 Dungeon Crawl Stone Soup version 0.21.1-1-g345015f (webtiles) character file.

263 Lilu the Destroyer (level 5, -1/28 HPs)
             Began as a Deep Elf Conjurer on July 26, 2018.
             Killed from afar by an orc wizard (8 damage)
             ... with a puff of flame
             ... on level 3 of the Dungeon.
             The game lasted 00:09:08 (2664 turns).

Lilu the Destroyer (Deep Elf Conjurer)              Turns: 2664, Time: 00:09:09

Health: -1/28      AC:  3    Str:  6    XL:     5   Next: 97%
Magic:  2/11       EV: 13    Int: 20    God:
Gold:   107        SH:  0    Dex: 15    Spells: 3/10 levels left

rFire    . . .     SeeInvis .   k - +1 dagger (speed)
rCold    . . .     Gourm    .   (no shield)
rNeg     . . .     Faith    .   a - +0 robe
rPois    .         Spirit   .   (no helmet)
rElec    .         Reflect  .   (no cloak)
rCorr    .         Harm     .   (no gloves)
MR       .....                  j - +0 pair of boots
Stlth    ++........             (no amulet)
HPRegen  0.09/turn              (no ring)
MPRegen  0.12/turn              (no ring)

@: no status effects
A: no striking features
a: no special abilities


You were on level 3 of the Dungeon.
You were not hungry.

You visited 1 branch of the dungeon, and saw 3 of its levels.

You collected 107 gold pieces.

Inventory:

Hand Weapons
 k - a +1 dagger of speed (weapon)
 s - a +1 hand axe of chopping
Missiles
 p - 2 throwing nets (quivered)
 v - 3 curare-tipped needles
 x - a stone
Armour
 a - a +0 robe (worn)
 j - a +0 pair of boots (worn)
 r - a +2 chain mail of poison resistance
 w - a +0 buckler
Scrolls
 d - a scroll of fog {unknown}
 e - a scroll of immolation {unknown}
 f - 2 scrolls of amnesia {unknown}
 g - a scroll of enchant armour {unknown}
 i - a scroll of teleportation {unknown}
 l - 2 scrolls of fear {unknown}
 q - a scroll of identify {unknown}
 y - a scroll of remove curse {unknown}
Potions
 h - 2 potions of might {unknown}
 m - a potion of haste {unknown}
 n - a potion of cancellation {unknown}
 o - a potion of curing {unknown}
 t - a potion of flight {unknown}
Books
 b - a book of Conjurations

   Spells                             Type                      Level
   a - Magic Dart                     Conjuration                  1
   b - Searing Ray                    Conjuration                  2
   c - Dazzling Spray                 Conjuration/Hexes            3
   d - Fulminant Prism                Conjuration/Hexes            4
   e - Force Lance                    Conjuration/Translocation    4
   f - Iskenderun's Mystic Blast      Conjuration                  4
Comestibles
 c - 6 rations


   Skills:
 - Level 2.4 Dodging
 - Level 2.4 Stealth
 - Level 3.0 Spellcasting
 + Level 8.0 Conjurations


You had 3 spell levels left.
You knew the following spells:

 Your Spells              Type           Power        Failure   Level  Hunger
a - Magic Dart            Conj           ####         1%          1    None
b - Searing Ray           Conj           #####.       1%          2    ##.....
c - Iskenderun's Mystic   Conj           #####...     5%          4    ####...


Dungeon Overview and Level Annotations

Branches:
Dungeon (3/15)

Altars:
Qazlal
Sif Muna
The Shining One

Annotations:
D:2 2 transporters


Message History

The searing ray hits something. (Press . to maintain the ray.)
Something hits you but does no damage.
You barely miss something.
You hear some strange, mumbled words.
You are confused.
You hear some strange, mumbled words.
You are more confused.
You're too confused to move!
Something hits you but does no damage.
You bump into the rock wall.
Something hits you but does no damage.
You bump into the rock wall.
Something hits you.
* * * LOW HITPOINT WARNING * * *
You bump into the rock wall.
Something barely misses you. Something hits you but does no damage.
You feel less confused.
You hear some strange, mumbled words.
A puff of flame appears from out of thin air!
The puff of flame hits you!
You die...

'....(....'.....###≈≈≈≈≈##
#.........####...########
##.......###.....<.#
##.....## #.#####.#
##...## #.# #.# ##+## #.#
#.# #.# #.# #.#####.#
#....@..# ####.#### #.#
#.# ..########.#
...))).....# ############


There were no monsters in sight!

Vanquished Creatures
  Jessica (D:3)
  2 orc wizards (D:3)
  A worker ant (D:2)
  Terence (D:2)
  3 gnolls (D:2)
  4 adders
  2 worms
  A dart slug (D:1)
  2 leopard geckos (D:3)
  An orc (D:3)
  A ball python (D:1)
  8 bats
  2 giant cockroaches (D:2)
  6 goblins
  5 hobgoblins
  9 jackals
  7 kobolds
  A quokka (D:3)
  3 frilled lizards
  7 rats
67 creatures vanquished.

Notes
Turn   | Place    | Note
-------+----------+-------------------------------------------
     0 | D:1      | Lilu the Deep Elf Conjurer began the quest for the Orb.
     0 | D:1      | Reached XP level 1. HP: 10/10 MP: 6/6
   227 | D:1      | Reached XP level 2. HP: 13/15 MP: 5/8
   275 | D:1      | Learned a level 2 spell: Searing Ray
   287 | D:1      | Reached skill level 5 in Conjurations
   888 | D:2      | Reached XP level 3. HP: 19/19 MP: 5/9
  1036 | D:2      | Reached skill level 6 in Conjurations
  1146 | D:2      | Found a glowing golden altar of the Shining One.
  1146 | D:2      | Found a stormy altar of Qazlal.
  1146 | D:2      | Noticed an ogre
  1156 | D:2      | Found a transporter.
  1302 | D:2      | Reached XP level 4. HP: 24/24 MP: 7/10
  1507 | D:2      | Found a transporter.
  1582 | D:2      | Noticed Terence
  1591 | D:2      | Killed Terence
  1833 | D:2      | Learned a level 4 spell: Iskenderun's Mystic Blast
  1940 | D:3      | Reached skill level 7 in Conjurations
  1940 | D:3      | Reached XP level 5. HP: 28/28 MP: 6/11
  2573 | D:3      | Found a deep blue altar of Sif Muna.
  2573 | D:3      | Noticed Jessica
  2576 | D:3      | Killed Jessica
  2646 | D:3      | Reached skill level 8 in Conjurations
  2664 | D:3      | Killed from afar by an orc wizard

Skill      XL: |  1  2  3  4  5 |
---------------+----------------+-----
Conjurations   | 5 6 7 8 |  8.0
Dodging        | |  2.4
Stealth        | |  2.4
Spellcasting   | |  3.0

Action                   |  1- 3 |  4- 6 || total
-------------------------+-------+-------++-------
Melee: Dagger            |       |    47 ||    47
 Cast: Magic Dart        |    55 |    32 ||    87
       Searing Ray       |     2 |    11 ||    13
  Eat: Chunk             |     1 |     5 ||     6
Armor: Robe              |     7 |    12 ||    19
Dodge: Dodged            |    13 |    41 ||    54
